 Dungeon Crawl Stone Soup version 0.32-a0-932-g5467873 (webtiles) character file.

Game seed: 2914577300094344878

170 enginecheck the Trooper (level 5, -4/43 HPs)
             Began as a Human Gladiator on Apr 13, 2024.
             Slain by a gnoll
             ... wielding a +0 flail
             ... led by a gnoll bouda
              (10 damage)
             ... on level 3 of the Dungeon.
             The game lasted 00:05:55 (2117 turns).

enginecheck the Trooper (Human Gladiator)           Turns: 2117, Time: 00:05:56

Health: -4/43      AC:  7    Str: 20    XL:     5   Next: 51%
Magic:  5/5        EV: 11    Int:  9    God:
Gold:   81         SH:  0    Dex: 16    Spells: 4/4 levels left

rFire   . . .        a - +0 quarterstaff
rCold   . . .        (shield currently unavailable)
rNeg    . . .        u - +0 ring mail
rPois   .            c - +0 helmet
rElec   .            i - +0 cloak
rCorr   .            (no gloves)
SInv    .            (no boots)
Will    +....        (no amulet)
Stlth   +            e - ring of willpower
HPRegen 0.27/turn    k - +6 ring of strength
MPRegen 0.09/turn

%: no passive effects
@: no status effects
A: explore regen
a: no special abilities


You were on level 3 of the Dungeon.
You visited 1 branch of the dungeon, and saw 3 of its levels.

You collected 81 gold pieces.

Inventory:

Hand Weapons
 a - a +0 quarterstaff (weapon)
 b - a +2 quarterstaff of chaos
Missiles
 d - 3 throwing nets (quivered) {!f}
 h - 29 stones
 l - 3 poisoned darts
 r - 3 boomerangs
 v - 3 javelins
Armour
 c - a +0 helmet (worn)
 i - a +0 cloak (worn)
 p - a +0 chain mail
 u - a +0 ring mail (worn)
Magical Staves
 x - a staff of fire
Jewellery
 e - a ring of willpower (left hand)
 k - a +6 ring of strength (right hand)
Scrolls
 f - 2 scrolls of amnesia
 j - 2 scrolls of identify
 m - a scroll of torment {unknown}
 n - a scroll of fog {unknown}
 t - a scroll of teleportation {unknown}
Potions
 g - a potion of brilliance {unknown}
 o - a potion of heal wounds {unknown}
 q - a potion of haste {unknown}
 s - a potion of resistance {unknown}
 w - a potion of mutation {unknown}


   Skills:
 + Level 4.3 Fighting
 - Level 3.0 Staves
 - Level 3.0 Throwing
 - Level 2.0 Armour
 - Level 3.0 Dodging
 - Level 1.0 Stealth


You had 4 spell levels left.
You didn't know any spells.
Your spell library contained the following spells:

 Spells                   Type           Power      Damage    Failure   Level
 Lesser Beckoning         Tloc           0%         N/A       71%         2
 Maxwell's Portable Pile  Tloc           0%         2d(5-13)  90%         3
 Teleport Other           Tloc           0%         N/A       90%         3


Dungeon Overview and Level Annotations

Branches:
Dungeon (3/15) Zot: 15858

Altars:


Innate Abilities, Weirdness & Mutations

You regain HP and MP as you explore.


Message History

You closely miss the kobold. The kobold closely misses you.
You closely miss the kobold. The kobold hits you but does no damage.
Health restored: 42 You sock the kobold!
You kill the kobold!
No target in view!
No target in view!
h - 29 stones (gained 4)
Things that are here:
a +0 whip; a kobold corpse
w - a fuming orange potion You see here a staff of fire.
Found a stone staircase leading up.
You see here a staff of fire.
x - a staff of fire
f - 2 scrolls labelled NOSHRI JIATO (gained 1)
Found a cloak.
An endoplasm comes into view.
The endoplasm closely misses you.
You hit the endoplasm but do no damage. The endoplasm freezes you.
You are frozen.
The endoplasm barely misses you.
You take 5 damage, and have 37/42 hp.
You sock the endoplasm!
You kill the endoplasm!
You regained 2 hp, and now have 39/43 hp.
No target in view!
No target in view!
Okay, then.
HP restored. 3 gnolls come into view.
The gnoll shouts! x3
An orc comes into view. It is wielding a +0 flail.
Health restored: 43 Unknown command.
You hit the gnoll.
The gnoll is lightly wounded.
The gnoll hits you with a +0 whip.
You take 6 damage, and have 37/43 hp.
You closely miss the gnoll.
The gnoll is lightly wounded.
The gnoll hits you with a +0 whip.
You take 1 damage, and have 36/43 hp.
You hit the gnoll but do no damage.
The gnoll is lightly wounded.
The gnoll hits you with a +0 whip. x2
You take 7 damage, and have 29/43 hp.
You are too injured to fight recklessly!
You are too injured to fight recklessly!
You are too injured to fight recklessly!
You barely miss the gnoll.
The gnoll is lightly wounded.
The gnoll hits you with a +0 whip.
You take 1 damage, and have 28/43 hp.
The gnoll attacks as it pursues you! The gnoll hits you but does no damage.
The gnoll attacks as it pursues you! The gnoll hits you with a +0 whip.
You take 1 damage, and have 28/43 hp.
The gnoll attacks as it pursues you! The gnoll hits you but does no damage.
The gnoll attacks as it pursues you! The gnoll hits you with a +0 whip.
You take 1 damage, and have 30/43 hp.
The gnoll attacks as it pursues you! The gnoll hits you with a +0 whip.
You take 5 damage, and have 25/43 hp.
A gnoll comes into view. It is wielding a +0 spear.
The gnoll shouts!
Unknown command.
A gnoll comes into view.
It is wielding a +0 flail and quivering a throwing net.
The gnoll shouts!
The gnoll throws a throwing net.
The throwing net hits you.
You become entangled in the net!
You see here a throwing net {!f}.
As you read the scroll labelled OBEGAOBBYE, it crumbles to dust.
It is a scroll of identify.
f - 2 scrolls of amnesia A gnoll bouda comes into view.
It is wielding a +0 whip.
You struggle against the net.
The gnoll hits you from afar with a +0 spear.
You take 4 damage, and have 25/43 hp.
Unknown command.
Unknown command.
You struggle against the net.
The gnoll hits you but does no damage. x2
Unknown command.
You struggle against the net.
The gnoll hits you from afar with a +0 spear.
The gnoll barely misses you.
The gnoll hits you but does no damage. x2
You take 3 damage, and have 22/43 hp.
Unknown command.
Unknown command.
You struggle against the net.
The gnoll closely misses you.
The gnoll hits you from afar with a +0 spear.
The gnoll hits you with a +0 flail! The gnoll hits you with a +0 whip.
* * * LOW HITPOINT WARNING * * *
You take 12 damage, and have 10/43 hp.
MASSIVE DAMAGE!!
Unknown command.
Unknown command.
Okay, then.
You rip the net and break free!
The gnoll hits you from afar with a +0 spear.
* * * LOW HITPOINT WARNING * * *
The gnoll closely misses you. The gnoll hits you with a +0 flail!
You die...

...#### #.###.##########.#
<.....# ##.##......g...##.#
...##.# #..##..#######.##.#
#.###.## #.###..# #.##.#
#.##...## #.# #..# ####g##.#
#[#.###.######.###..####.......#
#...##.........##.g........g.###
#...##..####.#.##g..####.##..#
#..#...##.....gg@g..# #.##..#
...........o...##..## ##.##..#
...###.#...........####...#..#
...# #.#..##g#.###...........#
...# #.......#.# ######...##.#
............##.# ##.###.#
.#.##....... #.# #.# #.# .#.#
......##.# #.# #.# ....
......g.#########.# #.####


You could see a gnoll bouda, 5 gnolls and an orc.

Vanquished Creatures
  A bombardier beetle (D:2)
  Crazy Yiuf (D:2)
  Jessica (D:2)
  A gnoll (D:1)
  2 dart slugs (D:1)
  3 ball pythons (D:1)
  8 endoplasms
  3 giant cockroaches (D:2)
  9 goblins
  6 hobgoblins
  8 kobolds
  6 quokkas
  5 bats
  7 frilled lizards
  4 rats
65 creatures vanquished.

Notes
Turn   | Place    | Note
-------+----------+-------------------------------------------
     0 | D:1      | enginecheck the Human Gladiator began the quest for the
                  | Orb.
     0 | D:1      | Reached XP level 1. HP: 16/16 MP: 1/1
    94 | D:1      | Reached skill level 1 in Stealth
    98 | D:1      | Reached XP level 2. HP: 20/23 MP: 2/2
   298 | D:1      | Reached skill level 3 in Fighting
   303 | D:1      | Reached XP level 3. HP: 12/29 MP: 3/3
   976 | D:2      | Reached skill level 4 in Fighting
   976 | D:2      | Reached XP level 4. HP: 37/37 MP: 4/4
  1021 | D:2      | Noticed Jessica
  1032 | D:2      | Killed Jessica
  1033 | D:2      | Reached skill level 1 in Armour
  1321 | D:2      | Reached XP level 5. HP: 42/42 MP: 5/5
  1383 | D:2      | Found a runed translucent door.
  1384 | D:2      | Noticed Crazy Yiuf
  1724 | D:2      | Killed Crazy Yiuf
  2117 | D:3      | Slain by a gnoll

Illustrated notes

Levels and vault maps discovered:
D:1:      dpeg_arrival_line_fractal, layout_loops_ring, minmay_quantized
D:2:      layout_basic, uniq_jessica, uniq_crazy_yiuf_cottage
D:3:      layout_loops_ring, hellmonk_overflow_destroyed_library,
          chequers_temple_overflow_statue_of_worship, uniq_terence, uniq_sigmund

Skill      XL: |  1  2  3  4  5 |
---------------+----------------+-----
Stealth        | 1 |  1.0
Fighting       | 3 4 |  4.3
Armour         | 2 |  2.0
Throwing       | 3 |  3.0
Staves         | |  3.0
Dodging        | |  3.0

Action                     |  1- 3 |  4- 6 || total
---------------------------+-------+-------++-------
  Melee: Quarterstaff      |    89 |    73 ||   162
  Throw: Dart              |     2 |     6 ||     8
         Javelin           |     1 |     1 ||     2
         Throwing net      |     1 |     1 ||     2
         Boomerang         |       |     2 ||     2
    Use: Scroll            |       |     1 ||     1
   Stab: Sleeping          |     2 |       ||     2
 Armour: Leather armour    |    28 |       ||    28
         Chain mail        |    30 |    34 ||    64
         Ring mail         |       |    30 ||    30
  Dodge: Dodged            |    52 |    45 ||    97

Table legend: (Time is in decaauts)
 A = Elapsed time spent in this place.
 B = Non-inter-level travel time spent in this place.
 C = Inter-level travel time spent in this place.
 D = Time resting spent in this place.
 E = Time spent auto-exploring this place.
 F = Levels seen in this place.
 G = Mean time per level.
                   A        B        C        D        E       F      G
               +--------+--------+--------+--------+--------+-----+--------+
         Total |   2140 |   2024 |    116 |     76 |   1253 |   3 |  713.3 |
       Dungeon |   2140 |   2024 |    116 |     76 |   1253 |   3 |  713.3 |
               +--------+--------+--------+--------+--------+-----+--------+

Top non-repeatable levels by time:
     D:1: 1012 daAuts
     D:2: 814 daAuts
     D:3: 313 daAuts
